Map: Sequencer LE

Players

LiquidTLO (TLO)

  • Race: Zerg Zerg
  • Spawn Location: 1:00

Cham - Winner!

  • Race: Zerg Zerg
  • Spawn Location: 7:00

Event: WCS Jonkoping 2017

VOD

Have the link to the VOD?

Description

Time

  • Played on: June 17, 2017, 11:28 a.m.
  • Length: 3:58

All games in this series

Show
View Real Time Build Order
Export as new Build Order

LiquidTLO Zerg 

Build Orders: Hatch First 

Get SALT Encoding   

  12  0:00  Drone  
  13  0:13  Overlord  
  13  0:17  Drone  
  14  0:32  Drone x2  
  16  0:36  Drone  
  17  0:52  Hatchery  
  17  0:55  Drone  
  17  0:58  Drone  
  18  1:04  Extractor  
  17  1:14  Spawning Pool  
  17  1:17  Drone  
  17  1:20  Drone  
  18  1:29  Drone  
  19  1:40  Overlord  
  19  2:00  Queen  
  21  2:01  Zergling x4  
  21  2:04  Queen  
  21  2:06  Metabolic Boost  
  21  2:08  Drone  
  26  2:22  Drone  
  27  2:28  Zergling x2, Drone  
  29  2:30  Drone  
  29  2:33  Zergling x2  
  29  2:35  Evolution Chamber  
  30  2:37  Zergling x2  
  30  2:40  Queen  
  31  2:48  Zergling x4  
  30  2:56  Queen  
  30  2:57  Zergling x2  
  30  2:59  Zergling x2  
  30  3:08  Zergling x2  
  30  3:09  Zergling x2  
  30  3:10  Zergling x2  
  30  3:11  Zergling x2  
  29  3:14  Zergling x2  
  29  3:17  Zergling x2  
  29  3:21  Zergling x2  
  28  3:31  Zergling x2  
  28  3:36  Zergling x2  
Show
View Real Time Build Order
Export as new Build Order

Cham Zerg - Winner!

Build Orders: Pool First 

Get SALT Encoding   

  12  0:02  Drone  
  13  0:15  Extractor  
  12  0:25  Spawning Pool  
  12  0:27  Drone  
  12  0:32  Drone  
  13  0:38  Drone  
  14  0:48  Overlord  
  14  1:11  Queen  
  14  1:12  Zergling x2  
  14  1:18  Metabolic Boost  
  17  1:21  Zergling x2  
  17  1:25  Zergling x2  
  19  1:28  Zergling x2  
  20  1:34  Zergling x2  
  21  1:44  Overlord  
  21  1:57  Zergling x2  
  22  2:07  Hatchery  
  21  2:12  Zergling x2  
  22  2:17  Zergling x2  
  25  2:22  Zergling x4  
  25  2:27  Zergling x2  
  26  2:33  Zergling x2  
  27  2:47  Zergling x2  
  27  2:54  Zergling x4  
  27  2:57  Zergling x2  
  29  3:01  Zergling x2  
  30  3:10  Zergling x2  
  29  3:24  Zergling x2  
  29  3:27  Baneling Nest, Zergling x2  
  29  3:31  Zergling x2  
  29  3:34  Zergling x2  
  31  3:40  Zergling x2  
Tags
 
Add a new tag
Caveats
  • Supply blocks, unpowered buildings, or Contaminate may cause inaccurate times.
  • Supply counts are checked every 10 seconds.